 Dungeon Crawl Stone Soup version 0.19.0 (webtiles) character file.

320 AlphabetPasta the Stinger (level 6, -6/47 HPs)
             Began as a Ghoul Venom Mage on Nov 13, 2016.
             Mangled by an orc warrior
             ... wielding a +0 scimitar
              (16 damage)
             ... on level 3 of the Dungeon.
             The game lasted 00:25:53 (3378 turns).

AlphabetPasta the Stinger (Ghoul Venom Mage)        Turns: 3378, Time: 00:25:53

Health: -6/47      AC:  5    Str: 12    XL:     6   Next: 46%
Magic:  1/9        EV: 12    Int: 12    God:
Gold:   123        SH:  0    Dex:  9    Spells: 3 memorised, 2 levels left

rFire  . . .     SeeInvis .     b - staff of conjuration
rCold  + . .     Gourm    .     x - +0 robe
rNeg   + + +     Faith    .     (no shield)
rPois  ∞         Spirit   .     t - +0 helmet (curse)
rElec  .         Reflect  .     (no cloak)
rCorr  .         Harm     .     l - +0 pair of gloves
MR     .....                    p - +0 pair of boots
Stlth  ++........               (no amulet)
                                (no ring)
                                d - ring of wizardry

@: rotting
A: rotting body, claws 1, carnivore 3, cold resistance 1, negative energy
resistance 3, slow regeneration 1, torment resistance, unbreathing
a: no special abilities


You were on level 3 of the Dungeon.
You were not hungry.

You visited 1 branch of the dungeon, and saw 4 of its levels.

You collected 123 gold pieces.

Inventory:

Hand Weapons
 a - a +1 quarterstaff of crushing
 g - a +0 spear of venom
Armour
 l - a +0 pair of gloves (worn)
 p - a +0 pair of boots (worn)
 t - a cursed +0 helmet (worn)
 x - a +0 robe (worn)
Magical Staves
 b - an uncursed staff of conjuration (weapon)
Jewellery
 d - a ring of wizardry (left hand)
 w - an uncursed ring of fire
Scrolls
 h - 2 scrolls of remove curse
 i - a scroll of teleportation {unknown}
 m - 4 scrolls of identify
 o - a scroll of recharging {unknown}
 r - a scroll of noise {unknown}
 s - a scroll of enchant weapon {unknown}
 u - a scroll of amnesia {unknown}
 v - a scroll of fear {unknown}
Potions
 e - 3 potions of agility
 f - 2 potions of flight
 k - a potion of resistance
 n - a potion of curing
Books
 y - a Young Poisoner's Handbook

   Spells                             Type                      Level
   a - Sting                          Conjuration/Poison           1
   b - Mephitic Cloud                 Conjuration/Poison/Air       3
   c - Olgreb's Toxic Radiance        Poison                       4
   d - Alistair's Intoxication        Transmutation/Poison         5
   e - Venom Bolt                     Conjuration/Poison           5
Comestibles
 c - 2 meat rations
 q - a beef jerky


   Skills:
 - Level 1.0 Fighting
 + Level 0.1 Staves
 + Level 3.0 Dodging
 - Level 2.1 Stealth
 - Level 2.0 Unarmed Combat
 + Level 2.9 Spellcasting
 + Level 1.4 Conjurations
 - Level 1.0 Air Magic
 * Level 5.1 Poison Magic


You had 2 spell levels left.
You knew the following spells:

 Your Spells              Type           Power        Failure   Level  Hunger
a - Sting                 Conj/Pois      ##..         3%          1    #......
b - Mephitic Cloud        Conj/Pois/Air  ##......     12%         3    ###....
c - Olgreb's Toxic Radia  Pois           ##......     14%         4    #####..


Dungeon Overview and Level Annotations

Branches:
Dungeon (4/15)
 Temple: D:4-7

Altars:
Dithmenos
Fedhas
Gozag
Nemelex Xobeh
Xom
Zin

Shops:
D:2 *

Annotations:
D:3 PurpleOddity's ghost, amateur HuFi


Innate Abilities, Weirdness & Mutations

Your body is rotting away.
You thrive on raw meat.
You are immune to poison.
You have sharp fingernails.
You are carnivorous and can eat meat at any time.
Your flesh is cold resistant. (rC+)
You are immune to negative energy. (rN+++)
You regenerate slowly when monsters are visible.
You are immune to unholy pain and torment.
You can survive without breathing.


Message History

Confirm with . or Enter, or press ? or * to list all spells.
Aiming: Sting
Press: ? - help, Shift-Dir - straight line, f/p - orc warrior
Aim: an orc warrior, wielding a scimitar and wearing a plate armour (heavily wounded, poisoned)
You feel a surge of power!
The sting hits the orc warrior.
The orc warrior appears unharmed.
The orc warrior is heavily wounded.
The orc warrior hits you with a scimitar!!
* * * LOW HITPOINT WARNING * * *
The orc warrior looks more healthy.
Casting: Sting
Confirm with . or Enter, or press ? or * to list all spells.
Aiming: Sting
Press: ? - help, Shift-Dir - straight line, f/p - orc warrior
Aim: an orc warrior, wielding a scimitar and wearing a plate armour (almost dead)
You feel a surge of power!
The sting hits the orc warrior.
The orc warrior appears unharmed.
The orc warrior is almost dead.
The orc warrior hits you with a scimitar!
You die...

########### #.........#
#.........#
#.........###########
#.........[..)).)...#
###.........#########.#
.................#..#.#####
............####o#........#
.......###.#...#@#........###
............<)....>.........#
#.........[(................#
............................#
............(...............#
............(...............#
#.......................[...#
#..............(............###
#.............................#


You could see an orc warrior.

Vanquished Creatures
  An orc priest (D:3)
  An orc wizard (D:2)
  Jessica (D:3)
  Ijyb (D:2)
  A worker ant (D:3)
  Robin (D:3)
  5 adders
  3 gnolls (D:2)
  An ooze (D:3)
  A worm (D:2)
  3 dart slugs
  11 orcs
  3 giant cockroaches
  11 hobgoblins
  2 jackals (D:3)
  9 kobolds
  8 bats
  6 frilled lizards
  16 goblins
  3 rats
88 creatures vanquished.

Notes
Turn   | Place    | Note
-------+----------+-------------------------------------------
     0 | D:1      | AlphabetPasta the Ghoul Venom Mage began the quest for the Orb.
     0 | D:1      | Reached XP level 1. HP: 14/14 MP: 2/2
   253 | D:1      | Reached XP level 2. HP: 16/20 MP: 2/4
   981 | D:2      | Found Gozag's Platinum Reserve.
   986 | D:2      | Reached XP level 3. HP: 13/27 MP: 0/5
   991 | D:2      | Found an opulent altar of Gozag.
  1002 | D:2      | Learned a level 3 spell: Mephitic Cloud
  1047 | D:2      | Reached skill level 1 in Fighting
  1143 | D:2      | Noticed Ijyb
  1177 | D:2      | Killed Ijyb
  1369 | D:2      | Reached XP level 4. HP: 3/35 MP: 1/6
  1945 | D:2      | Reached XP level 5. HP: 35/40 MP: 2/7
  1951 | D:2      | Learned a level 4 spell: Olgreb's Toxic Radiance
  2080 | D:2      | Reached skill level 1 in Unarmed Combat
  2170 | D:3      | Reached skill level 1 in Conjurations
  2205 | D:2      | Reached skill level 1 in Air Magic
  2435 | D:3      | Reached XP level 6. HP: 23/47 MP: 3/9
  2655 | D:3      | Found a sparkling altar of Nemelex Xobeh.
  2711 | D:3      | Noticed PurpleOddity's ghost (amateur HuFi)
  2756 | D:3      | Noticed Robin
  2762 | D:3      | Noticed Jessica
  2763 | D:3      | Killed Robin
  2763 | D:3      | Reached skill level 5 in Poison Magic
  2767 | D:3      | Killed Jessica
  3286 | D:3      | Found a blossoming altar of Fedhas.
  3304 | D:3      | Found a glowing silver altar of Zin.
  3304 | D:3      | Found a shimmering altar of Xom.
  3306 | D:3      | Found a shadowy altar of Dithmenos.
  3353 | D:4      | Noticed an orc warrior
  3378 | D:3      | Mangled by an orc warrior

Skill      XL: |  1  2  3  4  5  6 |
---------------+-------------------+-----
Dodging        | 2 3 |  3.0
Spellcasting   | 2 |  2.9
Fighting       | 1 |  1.0
Unarmed Combat | 1 2 |  2.0
Conjurations   | 1 |  1.4
Air Magic      | 1 |  1.0
Poison Magic   | 5 |  5.1
Staves         | |  0.1
Stealth        | |  2.1

Action                   |  1- 3 |  4- 6 || total
-------------------------+-------+-------++-------
Melee: Unarmed           |    45 |     2 ||    47
       Spear             |       |    89 ||    89
       Staff             |       |    27 ||    27
       Quarterstaff      |       |    16 ||    16
       Punch             |       |     1 ||     1
 Cast: Sting             |    56 |   109 ||   165
       Mephitic Cloud    |     1 |       ||     1
       Olgreb's Toxic Ra |       |     2 ||     2
  Use: Scroll            |     4 |       ||     4
       Potion            |     3 |     1 ||     4
 Stab: Sleeping          |     1 |     1 ||     2
  Eat: Chunk             |    16 |    74 ||    90
Armor: Robe              |     7 |    37 ||    44
Dodge: Dodged            |    39 |   134 ||   173
